 Dungeon Crawl Stone Soup version 0.28.0-53-g5a82cb258f (webtiles) character file.

Game seed: 362106334770239410

106813 issech the Tortoise (level 15, -2/128 HPs)
             Began as a Minotaur Monk on June 11, 2022.
             Was the Champion of Hepliaklqana.
             Slain by an anaconda simulacrum (6 damage)
             ... in an ice cave on June 12, 2022.
             The game lasted 02:33:40 (28226 turns).

issech the Tortoise (Minotaur Monk)                Turns: 28226, Time: 02:33:42

Health: -2/128     AC: 29    Str: 18    XL:     15   Next: 98%
Magic:  14/14      EV:  6    Int:  7    God:    Hepliaklqana [******]
Gold:   2169       SH: 16    Dex: 25    Spells: 14/14 levels left

rFire   . . .      SeeInvis +   X - +8 long sword "Teuhaic" {flame, Contam rPois Will+++ SInv}
rCold   + . .      Faith    .   S - +0 kite shield
rNeg    . . .      Spirit   .   L - +3 plate armour {rF+}
rPois   +          Reflect  .   (helmet restricted)
rElec   +          Harm     .   p - +0 cloak
rCorr   .          Rampage  ∞   i - +0 pair of gloves
Will    +++++                   A - +3 pair of seven-league boots {Rampage+∞}
Stlth   ..........              Z - amulet "Fixzacs" {rPois Will+ Regen+ Dex+4}
HPRegen 1.11/turn               F - ring "Ciackum" {Ice rElec Dex+3}
MPRegen 0.14/turn               J - ring of flight

@: flying, hasted, constricted, very quick
A: reduced essence, horns 2, retaliatory headbutt, talons 1
a: Renounce Religion, Recall Ancestor, Ancestor Identity, Transference, Idealise


You were in an ice cave.
You worshipped Hepliaklqana.
Hepliaklqana was exalted by your worship.
You visited 4 branches of the dungeon, and saw 24 of its levels.
You also visited: Ossuary, Ice Cave and Volcano.

You collected 4021 gold pieces.
You spent 1852 gold pieces at shops.

Inventory:

Hand Weapons
 o - a +1 hand crossbow of freezing
 R - the +2 fustibalus "Movy" {freeze, rPois rC++ Int-5 SInv}
   (You found it on level 6 of the Lair of Beasts)

   Any ammunition fired from it freezes those it strikes, dealing additional
   cold damage.
   It can also slow down cold-blooded creatures.
   Int:       It affects your intelligence (-5).
   rC:        It greatly protects you from cold.
   rPois:     It protects you from poison.
   SInv:      It lets you see invisible.
 X - the +8 long sword "Teuhaic" (weapon) {flame, Contam rPois Will+++ SInv}
   (You found it on level 8 of the Dungeon)

   It burns those it strikes, dealing additional fire damage.
   Big, fiery blades are also staple armaments of hydra-hunters.
   rPois:     It protects you from poison.
   SInv:      It lets you see invisible.
   Contam:    It causes magical contamination when unequipped.
   Will:      It greatly increases your willpower.
Missiles
 c - 9 silver boomerangs
 g - 8 boomerangs (quivered)
 h - 19 poisoned darts
 k - 702 stones
 t - 5 curare-tipped darts
 C - 8 datura-tipped darts
 D - 886 arrows
 E - 210 bolts
 U - 98 sling bullets
 Y - 4 throwing nets
Armour
 d - a +0 crystal plate armour of cold resistance
 f - a +2 plate armour of willpower
 i - a +0 pair of gloves (worn)
 p - a +0 cloak (worn)
 A - the +3 pair of seven-league boots (worn) {Rampage+∞}
   (You acquired it on level 2 of the Orcish Mines)

   Its wearer moves as far as possible in that direction when moving towards
   enemies.
 L - a +3 plate armour of fire resistance (worn)
 S - a +0 kite shield (worn)
Jewellery
 l - a +6 ring of dexterity
 u - a ring of see invisible
 x - a +6 ring of strength
 F - the ring "Ciackum" (left hand) {Ice rElec Dex+3}
   (You found it on level 4 of the Lair of Beasts)

   [ring of ice]

   It enhances your ice magic.
   Dex:       It affects your dexterity (+3).
   rF:        It makes you vulnerable to fire.
   rC:        It protects you from cold.
   rElec:     It insulates you from electricity.
 I - a ring of poison resistance
 J - a ring of flight (right hand)
 Q - the ring "Ytupp" {rF++ rC+ Str+5 Dex-3}
   (You found it on level 7 of the Dungeon)

   [ring of protection from cold]

   Str:       It affects your strength (+5).
   Dex:       It affects your dexterity (-3).
   rF:        It greatly protects you from fire.
   rC:        It protects you from cold.
 T - a +4 ring of evasion
 V - a ring of ice
 Z - the amulet "Fixzacs" (around neck) {rPois Will+ Regen+ Dex+4}
   (You bought it in a shop on level 5 of the Dungeon)

   [amulet of regeneration]

   Dex:       It affects your dexterity (+4).
   rPois:     It protects you from poison.
   Regen:     It increases your rate of health regeneration.
   Will:      It increases your willpower.
Wands
 a - a wand of acid (23)
 m - a wand of polymorph (7)
 r - a wand of mindburst (18)
 w - a wand of iceblast (25)
 y - a wand of flame (37)
 z - a wand of paralysis (3)
 G - a wand of digging (21)
Scrolls
 e - 6 scrolls of teleportation
 n - 4 scrolls of enchant weapon
 B - 4 scrolls of blinking
 H - 5 scrolls of fog
 M - 2 scrolls of brand weapon
 O - 3 scrolls of identify
Potions
 b - 9 potions of heal wounds
 j - 3 potions of haste
 q - 8 potions of curing
 s - 4 potions of might
 v - 3 potions of mutation
 K - 3 potions of ambrosia
 N - a potion of cancellation
 P - 3 potions of resistance
 W - a potion of invisibility


   Skills:
 + Level 15.6 Fighting
 + Level 6.7(11.4) Short Blades
 + Level 15.3(16.0) Long Blades
 + Level 4.5(5.1) Axes
 + Level 3.4(4.5) Maces & Flails
 + Level 5.6(6.0) Slings
 + Level 2.6(4.2) Throwing
 + Level 16.9 Armour
 + Level 5.3 Dodging
 + Level 6.3 Stealth
 + Level 15.7 Shields
 + Level 0.2 Evocations


You had 14 spell levels left.
You didn't know any spells.
Your spell library contained the following spells:

 Spells                   Type           Power      Damage    Failure   Level
 Beastly Appendage        Tmut           0%         N/A       100%        1
 Pain                     Necr           0%         1d4       100%        1
 Slow                     Hex            0%         N/A       100%        1
 Corpse Rot               Necr/Air       0%         N/A       100%        2
 Ensorcelled Hibernation  Hex/Ice        0%         N/A       100%        2
 Passwall                 Tmut/Erth      0%         N/A       100%        2
 Wereblood                Tmut           0%         N/A       100%        2
 Confusing Touch          Hex            0%         N/A       100%        3
 Dazzling Flash           Conj/Hex       0%         N/A       100%        3
 Gell's Gravitas          Tloc           0%         N/A       100%        3
 Spider Form              Tmut/Pois      0%         N/A       100%        3
 Swiftness                Air            0%         N/A       100%        3
 Teleport Other           Tloc           0%         N/A       100%        3
 Tukima's Dance           Hex            0%         N/A       100%        3
 Vampiric Draining        Necr           0%         2d6       100%        3
 Airstrike                Air            0%         N/A       100%        4
 Dispel Undead            Necr           0%         3d6       100%        4
 Fulminant Prism          Conj/Hex       0%         3d6       100%        4
 Iskenderun's Mystic Bla  Conj/Tloc      0%         2d3       100%        4
 Passage of Golubria      Tloc           0%         N/A       100%        4
 Sticky Flame             Conj/Fire      0%         2d3       100%        4
 Agony                    Necr           0%         N/A       100%        5
 Excruciating Wounds      Necr           0%         N/A       100%        5
 Fireball                 Conj/Fire      0%         3d3       100%        5
 Lee's Rapid Deconstruct  Erth           0%         3d5*      100%        5
 Silence                  Hex/Air        0%         N/A       100%        5
 Yara's Violent Unravell  Hex/Tmut       0%         3d3       100%        5
 Conjure Ball Lightning   Conj/Air       0%         3x3d6     100%        6
 Death Channel            Necr           0%         N/A       100%        6
 Dispersal                Tloc           0%         N/A       100%        6
 Starburst                Conj/Fire      0%         6d3       100%        6
 Discord                  Hex            0%         N/A       100%        8
 Disjunction              Tloc           0%         N/A       100%        8
 Ignition                 Fire           0%         3d3       100%        8
 Chain Lightning          Conj/Air       0%         N/A       100%        9
 Fire Storm               Conj/Fire      0%         5d1       100%        9
 Shatter                  Erth           0%         3d5*      100%        9


Dungeon Overview and Level Annotations

Branches:
Dungeon (15/15) Temple (1/1) D:4 Lair (6/6) D:11 Shoals (0/4) Lair:2 Spider (0/4) Lair:2 Slime (0/5) Lair:6 Orc (2/2) D:11 Elf (0/3) Orc:2 Vaults (0/5) D:13 D:14 Depths (0/4) D:15 Ossuary (visited) IceCv (1/1) Volcano (visited)

Altars:
Ashenzari
Cheibriados
Dithmenos
Elyvilon
Fedhas
Gozag
Hepliaklqana
Kikubaaqudgha
Makhleb
Nemelex Xobeh
Okawaru
Qazlal
Ru
Sif Muna
Trog
Uskayaw
Vehumet
Wu Jian
Xom
Yredelemnul
Zin
The Shining One
Beogh
Jiyva

Shops:
D:5 =   D:8 *   D:11 [:   D:13 *   Orc:1 =   Orc:2 ?(!??

Annotations:
D:14 1 transporter


Innate Abilities, Weirdness & Mutations

Your life essence is reduced to manifest your ancestor. (-10% HP)
You have a pair of horns on your head.
You reflexively headbutt those who attack you in melee.
You have sharp toenails.


Message History

The anaconda simulacrum bites you but does no damage.
The anaconda simulacrum grabs you.
The anaconda simulacrum closely misses you.
The anaconda simulacrum constricts you.
You're wearing all the rings you can.
Remove which one? (? for menu, Esc to cancel) < or
F - the ring "Ciackum" {Ice rElec Dex+3} > or
x - a +6 ring of strength You remove your +6 ring of strength.
You feel weaker.
You fly up into the air.
J - a ring of flight (right hand)
The anaconda simulacrum bites you but does no damage.
The anaconda simulacrum constricts you.
You escape the anaconda simulacrum's grasp.
Sunngifu emerges from the mists of memory!
You stride towards the anaconda simulacrum!
You slash the anaconda simulacrum!
You melt the anaconda simulacrum.
Your headbutt misses the anaconda simulacrum.
The anaconda simulacrum is moderately damaged.
You block the anaconda simulacrum's attack.
The anaconda simulacrum bites you.
* * * LOW HITPOINT WARNING * * *
The anaconda simulacrum freezes you! You resist.
* * * LOW HITPOINT WARNING * * *
The anaconda simulacrum bites Sunngifu.
The anaconda simulacrum freezes Sunngifu!
Sunngifu resists.
Sunngifu points at the anaconda simulacrum and mumbles some strange words.
The stone arrow hits the anaconda simulacrum!
You catch the helpless anaconda simulacrum completely off-guard!
You slash the anaconda simulacrum!
You melt the anaconda simulacrum!
The anaconda simulacrum vaporises!
You slash the anaconda simulacrum!
You melt the anaconda simulacrum.
You headbutt the anaconda simulacrum.
The anaconda simulacrum is heavily damaged.
The anaconda simulacrum grabs you. The anaconda simulacrum bites you.
* * * LOW HITPOINT WARNING * * *
The anaconda simulacrum freezes you. You resist.
You die...

.... ##.≈≈≈≈ #. ..... #≈≈≈≈≈≈
##### #. ....Z#
##≈≈≈≈≈#####...#### ..Z.#
#≈≈≈≈≈≈.##...##.### Z..##
##≈≈≈≈#....####..## #..## ###.
###..# ##..# ##.Z#########.###
#..# ###..###≈≈≈##..#########..
## ###Z.Z##≈≈≈@≈≈##...##.......
.#####2Z.###≈≈≈≈ZR≈≈#..###.!.⌠...
#.##..#.#.#≈≈≈≈≈≈≈≈≈###..##.[...#
##Z.####.####≈≈≈≈≈≈≈##..#########
#######..##≈≈≈≈≈≈≈##..### #
###....###≈≈≈≈≈2≈####...#
##...#..Z.######≈≈≈####..##
#2.####.....##..##≈≈##.#..## ..##
##..2.Z.######≈.#R...#


You could see the friendly Sunngifu the battlemage, a reaper and an anaconda
simulacrum (ally target).

Vanquished Creatures
  Rupert (D:13)
  Kirke (Lair:4)
  An orc warlord (Orc:1)
  A stone giant (Volcano)
  The ghost of pkoi the Martial Artist, a journeyman DgGl (D:9)
  4 hydras
  6 centaur warriors
  5 boulder beetles
  Erolcha (D:13)
  8 two-headed ogres
  2 orc high priests (Orc:2)
  Urug (D:14)
  A death yak (Lair:6)
  A sun demon (D:12)
  4 skeletal warriors
  A phantasmal warrior (D:15)
  2 deep elf pyromancers
  4 orc knights
  A necromancer (D:15)
  A shadow dragon skeleton (D:15)
  3 ugly things
  2 manticores
  3 oklob plants (Lair:6)
  4 orc sorcerers
  15 elephants (Lair:6)
  2 cyclopes
  2 black mambas (Lair:6)
  An ice statue (IceCv)
  A guardian serpent (shapeshifter) (D:14)
  A centaur skeleton (D:11)
  8 cane toads
  A gargoyle (Volcano)
  A rime drake (Lair:2)
  A freezing wraith (D:15)
  A kobold demonologist (D:9)
  3 hellwings
  2 anaconda simulacra (IceCv)
  6 komodo dragons
  2 ice devils
  An entropy weaver simulacrum (IceCv)
  3 trolls
  5 hornets
  5 polar bears
  Grinder (D:3)
  7 slime creatures
  A meliai zombie (D:11)
  A spriggan zombie (D:15)
  4 blink frogs
  A jumping spider (Lair:2)
  A shadow (D:6)
  6 culicivoras (Lair:2)
  2 wraiths
  2 vampires
  10 spriggans (Lair:6)
  3 fire elementals
  A dire elephant simulacrum (IceCv)
  A wyvern (D:11)
  22 yaks
  A hog (Lair:4)
  13 humans (D:14)
  2 death yak simulacra (IceCv)
  3 wargs
  A harpy simulacrum (IceCv)
  An acid dragon (D:12)
  7 water moccasins
  28 orc warriors
  A black bear (Lair:6)
  A sky beast (D:7)
  18 centaurs
  3 boggarts (Lair:6)
  33 wolves
  4 ogres
  A kobold brigand (D:7)
  2 bullfrogs
  An earth elemental (Volcano)
  A gnoll sergeant (D:9)
  2 cane toad simulacra (IceCv)
  A water moccasin zombie (D:5)
  5 scorpions
  2 two-headed ogre simulacra (IceCv)
  10 killer bees
  9 wights
  2 electric eels
  A howler monkey (D:5)
  5 centaur zombies
  5 jellies
  Crazy Yiuf (D:6)
  2 hounds
  A bullfrog zombie (D:5)
  21 orc priests
  2 bullfrog skeletons (D:5)
  A human zombie (Ossuary)
  Terence (D:3)
  A scorpion zombie (D:5)
  An iguana (D:4)
  21 orc wizards
  3 spriggan simulacra (IceCv)
  4 troll simulacra (IceCv)
  3 wolf simulacra (IceCv)
  A hound zombie (Ossuary)
  3 howler monkey zombies
  4 mummies (Ossuary)
  Robin (D:2)
  6 gnolls
  2 howler monkey skeletons
  4 adders
  5 naga simulacra (IceCv)
  A shadow imp (D:7)
  9 white imps
  4 ufetubi
  A worm (D:3)
  A dart slug (D:2)
  63 orcs
  9 ball pythons
  4 bats
  6 endoplasms
  3 giant cockroaches
  15 goblins
  10 hobgoblins
  3 jackals (D:4)
  2 quokkas
  3 frilled lizards
  3 goblin zombies (Ossuary)
  2 hobgoblin zombies (Ossuary)
  5 kobolds
  4 orc zombies (Ossuary)
  A quokka skeleton (D:4)
  4 rats
  A rat zombie (Ossuary)
  A plant (Lair:2)
589 creatures vanquished.

Vanquished Creatures (collateral kills)
  An orc warlord (Orc:1)
  Harold (D:10)
  3 hydras
  A rakshasa (D:13)
  A salamander tyrant (D:13)
  2 centaur warriors
  3 two-headed ogres
  A death knight (D:14)
  An orc high priest (Orc:2)
  Nergalle (Lair:4)
  A skeletal warrior (D:13)
  A manticore (D:13)
  3 orc knights
  A fire giant zombie (D:15)
  An orc sorcerer (Orc:1)
  6 ugly things
  A cyclops (D:13)
  8 elephants (Lair:6)
  2 centaur zombies
  Maurice (D:8)
  A black mamba (Lair:5)
  A smoke demon (D:13)
  A centaur skeleton (D:11)
  4 cane toads
  3 komodo dragons
  3 efreet
  An ice devil (Lair:5)
  A harpy zombie (D:11)
  A polar bear (Lair:6)
  3 trolls
  2 dream sheep (Lair:6)
  3 blink frogs
  A shadow (D:11)
  An ettin skeleton (D:15)
  3 spriggans (Lair:6)
  A wraith (D:13)
  3 humans (D:14)
  2 basilisks
  A wyvern (D:7)
  9 yaks
  3 death yak simulacra (IceCv)
  An acid dragon (D:10)
  2 wargs
  3 water moccasins
  A hornet zombie (D:7)
  An ice beast (D:8)
  8 orc warriors
  4 black bears
  A necrophage (D:8)
  4 ogres
  10 wolves
  4 centaurs
  2 bullfrogs
  A scorpion (D:11)
  2 two-headed ogre simulacra (IceCv)
  A gnoll sergeant (D:8)
  5 killer bees
  3 wights
  2 howler monkeys (D:8)
  A bullfrog zombie (D:7)
  A hound (D:7)
  5 orc priests
  5 orc wizards
  A spriggan simulacrum (IceCv)
  A wolf simulacrum (IceCv)
  7 gnolls
  2 naga simulacra (IceCv)
  A white imp (IceCv)
  20 orcs
  2 kobolds (D:7)
189 creatures vanquished.

Vanquished Creatures (others)
  A bullfrog (Lair:4)
  22 battlemagi
  A bush (Lair:6)
  52 fungi
  51 plants
  2 withered plants (D:15)
129 creatures vanquished.

Grand Total: 907 creatures vanquished

Notes
Turn   | Place    | Note
-------+----------+-------------------------------------------
     0 | D:1      | issech the Minotaur Monk began the quest for the Orb.
     0 | D:1      | Reached XP level 1. HP: 19/19 MP: 0/0
   214 | D:1      | Reached XP level 2. HP: 26/27 MP: 1/1
   724 | D:2      | Reached XP level 3. HP: 27/33 MP: 2/2
   937 | D:2      | Noticed Robin
   986 | D:2      | Killed Robin
  1044 | D:2      | Reached XP level 4. HP: 30/41 MP: 3/3
  1512 | D:3      | Found a shimmering blue altar of Sif Muna.
  1680 | D:3      | Noticed Terence
  1691 | D:3      | Killed Terence
  1692 | D:3      | Reached skill level 1 in Short Blades
  2207 | D:3      | Reached skill level 1 in Armour
  2213 | D:3      | Reached skill level 2 in Armour
  2213 | D:3      | Reached XP level 5. HP: 41/47 MP: 4/4
  2531 | D:3      | Noticed Grinder
  2532 | D:3      | Paralysed by Grinder for 4 turns
  2554 | D:3      | Killed Grinder
  2555 | D:3      | Reached skill level 5 in Fighting
  2555 | D:3      | Reached skill level 3 in Armour
  2555 | D:3      | Reached XP level 6. HP: 23/56 MP: 5/5
  2885 | D:4      | Reached skill level 4 in Armour
  2950 | D:4      | Found a staircase to the Ecumenical Temple.
  2955 | Temple   | Entered the Ecumenical Temple
  3420 | D:4      | Reached XP level 7. HP: 24/61 MP: 6/6
  4054 | D:5      | Entered Level 5 of the Dungeon
  4352 | D:5      | Reached skill level 5 in Armour
  4463 | D:5      | Found Lantoun's Jewellery Boutique.
  4574 | D:5      | Reached skill level 1 in Slings
  5031 | D:5      | Reached skill level 6 in Armour
  5031 | D:5      | Reached XP level 8. HP: 70/70 MP: 7/7
  5358 | D:6      | Reached skill level 5 in Short Blades
  5419 | D:6      | Found a sand-covered staircase.
  5502 | Ossuary  | Entered an ossuary
  6169 | D:6      | Noticed a hornet
  6180 | D:6      | Killed a hornet
  6181 | D:6      | Reached skill level 7 in Armour
  6262 | D:6      | Reached skill level 1 in Throwing
  6321 | D:6      | Found a runed translucent door.
  6322 | D:6      | Noticed Crazy Yiuf
  6332 | D:6      | Killed Crazy Yiuf
  6827 | D:7      | Found a glowing golden altar of the Shining One.
  6829 | D:7      | Noticed an angel
  6836 | D:7      | Found a basalt altar of Yredelemnul.
  6838 | D:7      | Noticed a profane servitor
  6885 | D:7      | Found a blossoming altar of Fedhas.
  6886 | D:7      | Found a hazy altar of Hepliaklqana.
  6892 | D:7      | Became a worshipper of Hepliaklqana the Forgotten
  6892 | D:7      | Reached * piety under Hepliaklqana
  6892 | D:7      | Reached ** piety under Hepliaklqana
  6893 | D:7      | Remembered your ancestor Sunngifu as a battlemage
  6945 | D:7      | Reached XP level 9. HP: 59/71 MP: 6/8
  7114 | D:7      | Identified the ring "Ytupp" {rF++ rC+ Str+5 Dex-3}
  7233 | D:7      | Reached skill level 5 in Slings
  7297 | D:7      | Reached skill level 1 in Maces & Flails
  7299 | D:7      | Reached skill level 8 in Armour
  7437 | D:7      | Found a stormy altar of Qazlal.
  7847 | D:8      | Identified the +8 long sword "Teuhaic" {flame, Contam rPois
                  | Will+++ SInv}
  7892 | D:8      | Reached skill level 9 in Armour
  8182 | D:8      | Noticed Maurice
  8191 | D:8      | Killed Maurice
  8542 | D:8      | Found Demec's Gadget Gallery.
  8556 | D:8      | Reached XP level 10. HP: 72/79 MP: 7/9
  8607 | D:8      | Bought a wand of digging (2) for 156 gold pieces
  9146 | D:9      | Found a broken altar of Ashenzari.
  9146 | D:9      | Found an iron altar of Okawaru.
  9146 | D:9      | Found an opulent altar of Gozag.
  9146 | D:9      | Found a sparkling altar of Nemelex Xobeh.
  9424 | D:9      | Reached skill level 10 in Armour
  9424 | D:9      | Reached skill level 1 in Shields
  9493 | D:9      | Noticed pkoi's ghost (journeyman DgGl)
  9494 | D:9      | Noticed a two-headed ogre
  9495 | D:9      | Found a transporter.
  9495 | D:9      | Noticed a two-headed ogre
  9496 | D:9      | Noticed a two-headed ogre
  9497 | D:9      | Identified the +7 great mace of the Moon {antimagic, Dex+2}
  9497 | D:9      | Noticed a two-headed ogre
  9499 | D:9      | Found a transporter.
  9554 | D:9      | Reached *** piety under Hepliaklqana
  9697 | D:9      | Reached skill level 5 in Long Blades
 10060 | D:9      | Found a white marble altar of Elyvilon.
 10987 | D:10     | Entered Level 10 of the Dungeon
 10992 | D:10     | Noticed a two-headed ogre
 11000 | D:10     | Killed a two-headed ogre
 11505 | D:10     | Noticed a seven-headed hydra
 11515 | D:10     | Noticed Harold
 11622 | D:10     | Reached skill level 11 in Armour
 11694 | D:10     | Reached **** piety under Hepliaklqana
 11783 | D:10     | Killed Harold
 11784 | D:10     | Reached XP level 11. HP: 87/87 MP: 10/10
 11843 | D:10     | Identified the +1 leather armour "Tadich" {rF+ Int+4 Dex-2}
 11849 | D:10     | Noticed a two-headed ogre
 11855 | D:10     | Killed a two-headed ogre
 12043 | D:10     | Identified the +6 scale mail "Kumirgh" {Rampage Drain +Inv
                  | rF+++}
 12084 | D:10     | Killed a three-headed hydra
 12550 | D:11     | Reached skill level 5 in Shields
 12554 | D:11     | Reached skill level 12 in Armour
 12703 | D:11     | Found Obygysso's Armour Shop.
 12703 | D:11     | Found a staircase to the Orcish Mines.
 12772 | D:11     | Identified 2 scrolls of acquirement
 12772 | D:11     | Acquired 617 gold pieces
 12778 | D:11     | Acquired 441 gold pieces
 12946 | D:5      | Bought the amulet "Fixzacs" {rPois Will+ Regen+ Dex+4} for
                  | 772 gold pieces
 13323 | D:9      | Killed a two-headed ogre
 13372 | D:9      | Killed a two-headed ogre
 13510 | D:9      | Killed pkoi's ghost
 13511 | D:9      | Reached skill level 10 in Fighting
 13571 | D:9      | Killed a two-headed ogre
 13576 | D:9      | Killed a two-headed ogre
 13577 | D:9      | Reached XP level 12. HP: 42/96 MP: 11/11
 13779 | D:11     | Noticed a two-headed ogre
 13783 | D:11     | Killed a two-headed ogre
 13910 | D:11     | Found a staircase to the Lair.
 14095 | D:11     | Found Ciagim's Book Shop.
 14128 | D:11     | Reached skill level 13 in Armour
 14189 | D:11     | Noticed a two-headed ogre
 14196 | D:11     | Killed a two-headed ogre
 14197 | D:11     | Reached skill level 10 in Long Blades
 14268 | D:11     | Found the +4 Cigotuvi's embrace {rMiasma Drain rN+}
 14577 | D:12     | Identified the +8 chain mail "Vuin" {Drain rElec rC+
                  | Regen+}
 14659 | D:12     | Noticed a two-headed ogre
 14664 | D:12     | Killed a two-headed ogre
 14858 | D:12     | Noticed a four-headed hydra
 14864 | D:12     | Killed a one-headed hydra
 14971 | D:12     | Reached ***** piety under Hepliaklqana
 15420 | D:13     | Noticed a salamander tyrant
 15567 | D:13     | Noticed a five-headed hydra
 15578 | D:12     | Killed a three-headed hydra
 15590 | D:13     | Killed a salamander tyrant
 15607 | D:13     | Reached skill level 14 in Armour
 15668 | D:13     | Noticed Rupert
 15779 | D:13     | Killed Rupert
 16031 | D:13     | Noticed Erolcha
 16033 | D:13     | Noticed a centaur warrior
 16040 | D:13     | Killed Erolcha
 16041 | D:13     | Reached XP level 13. HP: 75/104 MP: 12/12
 16154 | D:13     | Found Texzadox's General Store.
 17263 | D:14     | Noticed Urug
 17263 | D:14     | Found a gate to the Vaults.
 17369 | D:14     | Found a transporter.
 17506 | D:14     | Found a glowing golden altar of the Shining One.
 17556 | D:14     | Reached skill level 10 in Shields
 17805 | D:14     | Found a transporter.
 17963 | D:14     | HP: 4/107 [manticore/volley of spikes (16)]
 18094 | D:14     | Killed Urug
 18286 | D:14     | Noticed an orc warlord
 18287 | D:14     | Noticed a deep elf annihilator
 18291 | D:14     | Noticed a storm dragon
 18725 | D:15     | Entered Level 15 of the Dungeon
 18877 | D:15     | Reached skill level 15 in Armour
 18877 | D:15     | Reached XP level 14. HP: 89/116 MP: 13/13
 18949 | D:15     | Found a viscous altar of Jiyva.
 18976 | D:15     | Found a staircase to the Depths.
 18992 | D:15     | Reached skill level 5 in Dodging
 19671 | Orc:1    | Entered Level 1 of the Orcish Mines
 19694 | Orc:1    | Found Weceri's Jewellery Boutique.
 19790 | Orc:1    | Reached skill level 5 in Stealth
 20001 | Orc:1    | Reached ****** piety under Hepliaklqana
 20194 | Orc:1    | Noticed an orc warlord
 20311 | Orc:1    | HP: 3/116 [orc warlord/+1 vorpal glaive (5)]
 20438 | Orc:1    | Killed an orc warlord
 20663 | Orc:1    | Noticed an orc warlord
 20748 | Orc:1    | Killed an orc warlord
 21124 | Orc:2    | Entered Level 2 of the Orcish Mines
 21236 | Orc:2    | Found a burning altar of Makhleb.
 21533 | Orc:2    | Found a staircase to the Elven Halls.
 21581 | Orc:2    | Found Jonil's Magic Scroll Shoppe.
 21666 | Orc:2    | Bought a scroll of acquirement for 832 gold pieces
 21666 | Orc:2    | Bought a scroll of identify for 32 gold pieces
 21668 | Orc:2    | Acquired the +3 pair of seven-league boots {Rampage+∞}
 21668 | Orc:2    | Found the +3 pair of seven-league boots {Rampage+∞}
 21827 | Orc:2    | Reached skill level 16 in Armour
 21921 | Orc:2    | Found Lagodwidgh's Magic Scroll Boutique.
 21921 | Orc:2    | Found Mayfiept's Antique Weapon Emporium.
 21923 | Orc:2    | Found Xiuhim's Distillery.
 21923 | Orc:2    | Found Icutog's Magic Scroll Emporium.
 21944 | Orc:2    | Bought a scroll of identify for 20 gold pieces
 21944 | Orc:2    | Bought a scroll of identify for 20 gold pieces
 21944 | Orc:2    | Bought a scroll of identify for 20 gold pieces
 23074 | Lair:1   | Entered Level 1 of the Lair of Beasts
 23833 | Lair:2   | Gained mutation: You have sharp toenails. [potion of
                  | mutation]
 23962 | Lair:2   | Found a transporter.
 23964 | Lair:2   | Found a transporter.
 24034 | Lair:2   | Found a staircase to the Shoals.
 24303 | Lair:2   | Found a hole to the Spider Nest.
 24953 | Lair:2   | Reached XP level 15. HP: 92/124 MP: 14/14
 25814 | Lair:4   | Identified the ring "Ciackum" {Ice rElec Dex+3}
 25899 | Lair:4   | Noticed Kirke
 25910 | Lair:4   | Killed Kirke
 26073 | Lair:4   | Noticed Nergalle
 26078 | Lair:4   | Killed Nergalle
 26149 | Lair:4   | You fall into a shaft and drop 2 floors!
 26149 | Lair:6   | Entered Level 6 of the Lair of Beasts
 26363 | Lair:6   | Found a staircase to the Slime Pits.
 26401 | Lair:6   | Found a dark tunnel.
 26438 | Volcano  | Entered a volcano
 26964 | Lair:6   | Reached skill level 15 in Long Blades
 27064 | Lair:6   | Reached skill level 15 in Fighting
 27095 | Lair:6   | Identified the +2 fustibalus "Movy" {freeze, rPois rC++
                  | Int-5 SInv}
 27472 | Lair:6   | Reached skill level 15 in Shields
 27829 | Lair:5   | Found a frozen archway.
 27849 | IceCv    | Entered an ice cave
 27892 | IceCv    | Got the Grimoire of Flamy Weightlessness
 28055 | IceCv    | Found the +4 skin of Zhor {*Englaciate rC+++ SInv}
 28226 | IceCv    | HP: 4/128 [anaconda simulacrum (4)]
 28226 | IceCv    | Slain by an anaconda simulacrum

Illustrated notes

Levels and vault maps discovered:
D:1:      amcnicky_arrival_choice, layout_basic
D:2:      layout_basic, uniq_robin
D:3:      layout_loops_corners, mainiacjoe_overflow_small_starburst,
          guppyfry_early_orc_mine, uniq_grinder, uniq_terence
D:4:      layout_rooms, temple_doors_cd, kennysheep_doodads, minmay_pentangle
D:5:      layout_loops_corners, serial_shops, shop, serial_glass,
          glass_columns_b, glass_columns_b, item_on_display_a,
          minmay_strange_pillars, due_unseen_surprise, minmay_strange_pillars,
          minmay_misc_feat_pillars
D:6:      layout_rooms, enter_ossuary_1, uniq_crazy_yiuf_cottage
D:7:      layout_loops_corners, grunt_temple_overflow_holy_war,
          nicolae_overflow_crystal_walls, nicolae_overflow_squiral
D:8:      layout_loops_cross, nicolae_shop_gadgets, uniq_maurice
D:9:      layout_grid_maze, nicolae_elyvilon_temple_path,
          grunt_temple_overflow_open, gammafunk_ghost_smash
D:10:     layout_roguey, lemuel_old_faithful, uniq_harold
D:11:     layout_gridville, grunt_lair_entry_orc_guard_hut, orc_david_3,
          serial_shops, nicolae_shop_crystal, hellmonk_guarded_unrand_cigotuvi
D:12:     layout_irregular_city
D:13:     minmay_firetagon, layout_small_grid, special_room [special_room_orc],
          serial_shops, shop, uniq_erolcha, uniq_rupert
D:14:     gammafunk_dig_for_victory, layout_loops_ring, david_vaults_3,
          tso_metal_star
D:15:     gammafunk_depths_entry_grave, layout_loops_cross, jiyva_altar_1
Temple:   pf_slime_end_temple
Lair:1:   layout_chaotic_city, infiniplex_staircase_pool
Lair:2:   gammafunk_boulding_lane, layout_cave_pods, shoals_dummy_entry,
          nicolae_spider_entry_tight_spaces
Lair:3:   layout_small_grid, chequers_serial_rivers_room_a, minmay_holes
Lair:4:   layout_regular_city, minivault_25, serial_bayou_crossing,
          grunt_megastairs_4, uniq_josephine, uniq_kirke, uniq_nergalle
Lair:5:   layout_regular_city, portal_ice_cave_demonic_guard,
          nicolae_lair_liquid_snakes
Lair:6:   minmay_lair_end_enchanted_forest, layout_small_grid,
          minmay_slime_entry_oklob_open, hellmonk_ghost_happy_afterlife,
          enter_volcano_2, infiniplex_staircase_pool_2, serial_bayou_shore_a
Orc:1:    layout_caves, serial_shops, nicolae_shop_crystal, minmay_orc_treasury
Orc:2:    grunt_orc_tribal_feast, layout_caves, serial_shops,
          nicolae_diamond_shop, bloody_makhleb
IceCv:    ice_cave_caverns_02

Skill      XL: |  1  2  3  4  5  6  7  8  9 10 11 12 13 14 15 |
---------------+----------------------------------------------+-----
Fighting       | 4 5 6 7 8 9 10 11 13 14 15 | 15.6
Axes           | 4 |  4.5
Stealth        | 2 3 4 5 6 |  6.3
Short Blades   | 1 2 3 4 6 |  6.7
Dodging        | 4 5 |  5.3
Armour         | 2 3 4 6 7 9 11 12 14 15 16 | 16.9
Slings         | 1 4 5 |  5.6
Throwing       | 1 2 |  2.6
Maces & Flails | 3 |  3.4
Long Blades    | 2 7 9 11 13 14 15 | 15.3
Shields        | 4 7 8 11 13 15 | 15.7
Evocations     | |  0.2

Action                   |  1- 3 |  4- 6 |  7- 9 | 10-12 | 13-15 || total
-------------------------+-------+-------+-------+-------+-------++-------
Melee: Hand axe          |    10 |       |       |       |       ||    10
       Dagger            |    48 |   118 |   251 |       |       ||   417
       Headbutt          |     4 |    24 |    81 |    82 |   400 ||   591
       Punch             |       |     2 |     3 |       |       ||     5
       Long sword        |       |       |    30 |   332 |  1285 ||  1647
       Dire flail        |       |       |    27 |       |       ||    27
 Fire: Hunting sling     |       |     3 |    36 |       |       ||    39
Throw: Stone             |       |       |    18 |    13 |    13 ||    44
       Boomerang         |       |       |       |       |    12 ||    12
Invok: Ancestor Life: Ba |       |       |     1 |       |       ||     1
       Recall Ancestor   |       |       |       |       |     1 ||     1
Evoke: Wand              |       |       |       |     2 |       ||     2
  Use: Scroll            |       |       |    10 |     8 |    18 ||    36
       Potion            |       |       |       |       |     6 ||     6
 Stab: Distracted        |       |       |     2 |     8 |    32 ||    42
       Petrified         |       |       |       |       |     3 ||     3
Armor: Robe              |    11 |       |       |       |       ||    11
       Scale mail        |    12 |     8 |       |       |       ||    20
       Plate armour      |       |    64 |   145 |   245 |   548 ||  1002
Dodge: Dodged            |    40 |    42 |   132 |   153 |   425 ||   792
Block: Kite shield       |       |       |       |   266 |   961 ||  1227
